 Dungeon Crawl Stone Soup version 0.29.1-12-g30fa7ad0bf (webtiles) character file.

Game seed: 11400833008290059771

628625 retardedninja the Axe Maniac (level 26, -15/358 HPs)
             Began as a Minotaur Fighter on Jan 10, 2023.
             Was an Initiate of Gozag.
             Killed from afar by a yellow draconian annihilator (36 damage)
             ... with a bolt of lightning
             ... on level 4 of the Realm of Zot.
             The game lasted 02:40:53 (93300 turns).

retardedninja the Axe Maniac (Minotaur Fighter)    Turns: 93300, Time: 02:40:54

Health: -15/358    AC: 43    Str: 39    XL:     26   Next: 72%
Magic:  0/22       EV: 10    Int:  8    God:    Gozag
Gold:   2604       SH: 38    Dex: 17    Spells: 25/25 levels left

rFire   + . .      SeeInvis .   t - +7 broad axe (flame)
rCold   + + .      Faith    .   b - +4 tower shield
rNeg    + . .      Spirit   +   B - +8 plate armour {rC+}
rPois   .          Reflect  .   N - +0 hat of the Villain {rC+ Will+ Int+4 Dex+4}
rElec   .          Harm     .   y - +2 cloak {Will+}
rCorr   .          Rampage  .   i - +3 pair of gauntlets of War {Slay+5}
Will    ++++.                   k - +2 pair of boots {Stlth+}
Stlth   ..........              T - brooch of Shielding {Spirit SH+8}
HPRegen 0.69/turn               n - ring of Deics {Wiz Fly Will+ Str+3}
MPRegen 0.18/turn               h - ring "Ixomonk" {rF+ rN+ Str+6 Dex-3 Stlth+}

@: berserking (expiring), gold aura, flying, studying 3 skills, very quick
A: horns 2, retaliatory headbutt, agile 1, frail 1
}: 4/15 runes: decaying, serpentine, slimy, silver
a: Renounce Religion, Potion Petition, Call Merchant, Bribe Branch


You were on level 4 of the Realm of Zot.
You worshipped Gozag.
Gozag was most pleased with you.
You visited 13 branches of the dungeon, and saw 56 of its levels.
You also visited: Ice Cave.

You collected 35047 gold pieces.
You spent 9029 gold pieces at shops.
You paid 23414 gold pieces to Gozag.

Inventory:

Hand Weapons
 t - a +7 broad axe of flaming (weapon)
Missiles
 P - 2 throwing nets (quivered)
Armour
 b - a +4 tower shield (worn)
 i - the +3 pair of gauntlets of War (worn) {Slay+5}
   (You bought it in a shop on level 2 of the Orcish Mines)

   Slay:      It affects your accuracy & damage with ranged weapons and melee
   (+5).
 k - a +2 pair of boots of stealth (worn)
 y - a +2 cloak of willpower (worn)
 B - a +8 plate armour of cold resistance (worn)
 N - the +0 hat of the Villain (worn) {rC+ Will+ Int+4 Dex+4}
   (You acquired it on level 4 of the Lair of Beasts)

   Int:       It affects your intelligence (+4).
   Dex:       It affects your dexterity (+4).
   rC:        It protects you from cold.
   Will:      It increases your willpower.
 Y - the +3 faerie dragon scales {rElec rPois rCorr Str-4 Slay+6}
   (You took it off the Enchantress on level 2 of the Depths)

   Str:       It affects your strength (-4).
   Slay:      It affects your accuracy & damage with ranged weapons and melee
   (+6).
   rElec:     It insulates you from electricity.
   rPois:     It protects you from poison.
   rCorr:     It protects you from acid and corrosion.
Jewellery
 h - the ring "Ixomonk" (right hand) {rF+ rN+ Str+6 Dex-3 Stlth+}
   (You found it on level 3 of the Elven Halls)

   [ring of strength]

   Str:       It affects your strength (+6).
   Dex:       It affects your dexterity (-3).
   rF:        It protects you from fire.
   rN:        It protects you from negative energy.
   Stlth:     It makes you more stealthy.
 n - the ring of Deics (left hand) {Wiz Fly Will+ Str+3}
   (You bought it in a shop on level 2 of the Elven Halls)

   [ring of wizardry]

   It improves your spell success rate.
   Str:       It affects your strength (+3).
   Fly:       It grants you flight.
   Will:      It increases your willpower.
 u - the amulet of Vustipam {Reflect rElec rC+ Dex+4 SH+5}
   (You found it on level 3 of the Crypt)

   [amulet of reflection]

   It reflects blocked missile attacks.
   Dex:       It affects your dexterity (+4).
   rC:        It protects you from cold.
   rElec:     It insulates you from electricity.
   SH:        It affects your SH (+5).
 O - the ring of Cuupic {Ice Will- Str+5 Int+7}
   (You found it on level 5 of the Pits of Slime)

   [ring of ice]

   It enhances your ice magic.
   Str:       It affects your strength (+5).
   Int:       It affects your intelligence (+7).
   rF:        It makes you vulnerable to fire.
   rC:        It protects you from cold.
   Will:      It decreases your willpower.
 Q - the ring "Zeud" {rPois SInv Stlth+}
   (You found it on level 5 of the Pits of Slime)

   [ring of poison resistance]

   rPois:     It protects you from poison.
   SInv:      It lets you see invisible.
   Stlth:     It makes you more stealthy.
 T - the brooch of Shielding (around neck) {Spirit SH+8}
   (You bought it in a shop on level 5 of the Lair of Beasts)

   [amulet of guardian spirit]

   It causes incoming damage to be divided between your reserves of health and
   magic.
   SH:        It affects your SH (+8).
Wands
 m - a wand of quicksilver (19)
 w - a wand of flame (138)
 x - a wand of mindburst (21)
 A - a wand of digging (5)
 C - a wand of polymorph (15)
 D - a wand of roots (52)
 F - a wand of paralysis (50)
Scrolls
 d - 8 scrolls of amnesia
 g - 4 scrolls of silence
 s - 16 scrolls of immolation
 E - 14 scrolls of fog
 J - 2 scrolls of magic mapping
 R - 3 scrolls of fear
 S - 8 scrolls of teleportation
Potions
 e - 4 potions of mutation
 f - 22 potions of curing
 j - 7 potions of lignification
 l - 5 potions of magic
 o - 4 potions of might
 p - 6 potions of ambrosia
 H - 15 potions of brilliance
 I - 2 potions of cancellation
 K - 5 potions of haste
 L - 3 potions of berserk rage
 M - a potion of resistance
 U - 2 potions of invisibility
 W - a potion of heal wounds
Miscellaneous
 a - a phantom mirror
 c - a phial of floods
 q - a lightning rod (4/4)
 r - a box of beasts
 v - a condenser vane
 z - a piece from Xom's chessboard (15/15)
 G - the horn of Geryon


   Skills:
 O Level 27 Fighting
 O Level 27 Axes
 O Level 27 Armour
 O Level 27 Shields
 + Level 18.7 Evocations


You had 25 spell levels left.
You didn't know any spells.
Your spell library contained the following spells:

 Spells                   Type           Power      Damage    Failure   Level
 Apportation              Tloc           0%         N/A       34%         1
 Beastly Appendage        Tmut           0%         N/A       34%         1
 Foxfire                  Conj/Fire      0%         2x1d4     34%         1
 Freeze                   Ice            0%         1d3       34%         1
 Magic Dart               Conj           0%         1d3       34%         1
 Necrotise                Necr           0%         1d4       34%         1
 Sandblast                Erth           0%         2d4       34%         1
 Shock                    Conj/Air       0%         1d3       34%         1
 Slow                     Hex            0%         N/A       34%         1
 Sting                    Tmut/Pois      0%         1d3       34%         1
 Summon Small Mammal      Summ           0%         N/A       34%         1
 Call Imp                 Summ           0%         N/A       47%         2
 Ensorcelled Hibernation  Hex/Ice        0%         N/A       47%         2
 Passwall                 Tmut/Erth      0%         N/A       47%         2
 Poisonous Vapours        Pois/Air       0%         N/A       47%         2
 Scorch                   Fire           0%         2d5       47%         2
 Searing Ray              Conj           0%         2d4       47%         2
 Static Discharge         Conj/Air       0%         3-3/arc   47%         2
 Sublimation of Blood     Necr           0%         N/A       47%         2
 Wereblood                Tmut           0%         N/A       47%         2
 Call Canine Familiar     Summ           0%         N/A       71%         3
 Confusing Touch          Hex            0%         N/A       71%         3
 Conjure Flame            Conj/Fire      0%         6-21      71%         3
 Dazzling Flash           Conj/Hex       0%         N/A       71%         3
 Frozen Ramparts          Ice            0%         1d1       71%         3
 Gell's Gravitas          Tloc           0%         N/A       71%         3
 Ignite Poison            Fire/Tmut/Pois 0%         N/A       71%         3
 Inner Flame              Hex/Fire       0%         N/A       71%         3
 Lesser Beckoning         Tloc           0%         N/A       71%         3
 Mephitic Cloud           Conj/Pois/Air  0%         N/A       71%         3
 Portal Projectile        Hex/Tloc       0%         N/A       71%         3
 Spider Form              Tmut/Pois      0%         N/A       71%         3
 Stone Arrow              Conj/Erth      0%         3d7       71%         3
 Summon Guardian Golem    Hex/Summ       0%         N/A       71%         3
 Swiftness                Air            0%         N/A       71%         3
 Teleport Other           Tloc           0%         N/A       71%         3
 Vampiric Draining        Necr           0%         2d6       71%         3
 Airstrike                Air            0%         2d(0-16)  97%         4
 Anguish                  Hex/Necr       0%         N/A       97%         4
 Animate Armour           Summ/Erth      0%         N/A       97%         4
 Cause Fear               Hex            0%         N/A       97%         4
 Dispel Undead            Necr           0%         3d6       97%         4
 Flame Wave               Conj/Fire      0%         2d4       97%         4
 Fulminant Prism          Conj/Hex       0%         3d6       97%         4
 Hailstorm                Conj/Ice       0%         3d3       97%         4
 Ice Form                 Ice/Tmut       0%         N/A       97%         4
 Iskenderun's Mystic Bla  Conj/Tloc      0%         2d3       97%         4
 Leda's Liquefaction      Hex/Erth       0%         N/A       97%         4
 Olgreb's Toxic Radiance  Pois           0%         N/A       97%         4
 Passage of Golubria      Tloc           0%         N/A       97%         4
 Petrify                  Tmut/Erth      0%         N/A       97%         4
 Sticky Flame             Conj/Fire      0%         2d3       97%         4
 Summon Ice Beast         Ice/Summ       0%         N/A       97%         4
 Alistair's Intoxication  Tmut/Pois      0%         N/A       100%        5
 Blade Hands              Tmut           0%         N/A       100%        5
 Borgnjor's Vile Clutch   Necr/Erth      0%         N/A       100%        5
 Fireball                 Conj/Fire      0%         3d3       100%        5
 Freezing Cloud           Conj/Ice/Air   0%         6-21      100%        5
 Irradiate                Conj/Tmut      0%         3d11      100%        5
 Lee's Rapid Deconstruct  Erth           0%         3d5*      100%        5
 Lightning Bolt           Conj/Air       0%         1d11      100%        5
 Manifold Assault         Tloc           0%         N/A       100%        5
 Silence                  Hex/Air        0%         N/A       100%        5
 Summon Forest            Summ/Tloc      0%         N/A       100%        5
 Summon Mana Viper        Hex/Summ       0%         N/A       100%        5
 Yara's Violent Unravell  Hex/Tmut       0%         3d3       100%        5
 Conjure Ball Lightning   Conj/Air       0%         3x3d6     100%        6
 Death Channel            Necr           0%         N/A       100%        6
 Dispersal                Tloc           0%         N/A       100%        6
 Eringya's Noxious Bog    Tmut/Pois      0%         N/A       100%        6
 Iron Shot                Conj/Erth      0%         9d1       100%        6
 Starburst                Conj/Fire      0%         6d3       100%        6
 Summon Cactus Giant      Summ           0%         N/A       100%        6
 Dragon Form              Tmut           0%         N/A       100%        7
 Enfeeble                 Hex            0%         N/A       100%        7
 Haunt                    Necr/Summ      0%         N/A       100%        7
 Malign Gateway           Summ/Tloc      0%         N/A       100%        7
 Monstrous Menagerie      Summ           0%         N/A       100%        7
 Orb of Destruction       Conj           0%         9d5       100%        7
 Ozocubu's Refrigeration  Ice            0%         4d7       100%        7
 Summon Hydra             Summ           0%         N/A       100%        7
 Discord                  Hex            0%         N/A       100%        8
 Disjunction              Tloc           0%         N/A       100%        8
 Ignition                 Fire           0%         3d3       100%        8
 Infestation              Necr           0%         N/A       100%        8
 Lehudib's Crystal Spear  Conj/Erth      0%         10d2      100%        8
 Maxwell's Capacitive Co  Air            0%         ∞         100%        8
 Summon Horrible Things   Summ           0%         N/A       100%        8
 Dragon's Call            Summ           0%         N/A       100%        9
 Fire Storm               Conj/Fire      0%         5d1       100%        9
 Polar Vortex             Ice            0%         N/A       100%        9
 Animate Dead             Necr           Unusable   N/A       N/A         4
 Corpse Rot               Necr/Pois/Air  Unusable   N/A       N/A         4
 Simulacrum               Ice/Necr       Unusable   N/A       N/A         6

Dungeon Overview and Level Annotations

Branches:
Dungeon (15/15)            Temple (1/1) D:6            Lair (5/5) D:9
  Swamp (4/4) Lair:3        Snake (4/4) Lair:2        Slime (5/5) Lair:4
    Orc (2/2) D:9             Elf (3/3) Orc:2        Vaults (5/5) D:14
  Crypt (3/3) Vaults:2       Tomb (0/3) Crypt:3      Depths (4/4) D:15
   Hell (visited)             Dis (0/7) Hell            Geh (0/7) Hell
    Coc (0/7) Hell            Tar (0/7) Hell            Zot (4/5) Depths:4
  IceCv (visited)

Altars:
Ashenzari
Cheibriados
Dithmenos
Elyvilon
Fedhas
Gozag
Hepliaklqana
Kikubaaqudgha
Makhleb
Nemelex Xobeh
Okawaru
Qazlal
Ru
Sif Muna
Trog
Uskayaw
Vehumet
Wu Jian
Xom
Yredelemnul
Zin
The Shining One
Jiyva
Lugonu

Shops:
D:3 ?   D:6 (   D:14 ([   Orc:1 :   Orc:2 [[?![   Elf:2 =*=*=   Lair:5 =?**
Snake:1 *   Vaults:1 ***   Vaults:2 (   Vaults:4 ((   Depths:1 (   Depths:4 **!

Portals:
Hell: Depths:1 Depths:2 Depths:3 Depths:4
Abyss: Depths:3
Pandemonium: Depths:2 Depths:3
Ziggurat: Depths:4
Trove: Vaults:1 (give +3 storm dragon scales)

Annotations:
D:8 1 transporter
Hell exclusion: 2 ice statues
Zot:1 Tiamat
Zot:2 2 transporters, TheSexyCheese's ghost, veteran MiFi


Innate Abilities, Weirdness & Mutations

You have a pair of horns on your head.
You reflexively headbutt those who attack you in melee.
You are agile. (Dex +4, Str/Int -1)
You are frail. (-10% HP)


Message History

Something hits you but does no damage.
Unknown command.
You open the yellow draconian like a pillowcase!!!
You burn the yellow draconian!!
The yellow draconian is almost dead.
You slice something!! You burn something! You slash the green draconian!
You burn the green draconian.
You chop the purple draconian into pieces!!!
You burn the purple draconian.
You kill the purple draconian!
You block the green draconian's attack.
The green draconian tail-slaps you but does no damage.
The yellow draconian hits you but does no damage.
You slice the yellow draconian!! You burn the yellow draconian!
You kill the yellow draconian!
You slice the green draconian!! You burn the green draconian.
You miss something.
You hear a roar!
You chop the green draconian into pieces!!!
You burn the green draconian.
The green draconian is almost dead.
You miss something.
You block the green draconian's attack. x2
You hear some strange, mumbled words.
A shard of ice appears from out of thin air!
You block the shard of ice.
The yellow draconian annihilator points at you and mumbles some strange words.
The bolt of lightning hits you!!!
* * * LOW HITPOINT WARNING * * *
You slash the green draconian! You burn the green draconian.
You kill the green draconian!
You closely miss something.
You are too berserk!
The yellow draconian annihilator spits acid at you.
You block the glob of acid.
You hear a roar!
You feel a strong urge to attack something.
The yellow draconian annihilator points at you and mumbles some strange words.
The bolt of lightning hits something.
The bolt of lightning hits you!!!
You die...
Your body crumbles into a pile of gold.

#####......#...#***,**
**,,***,,, ##......#.##
**,** *****,,,*
##..)....######*,***##*,,,**
##......##...#**,,...,,,,*
##......#...#####...,,,,*
#...................,,,**
#...................,,**
#.......###.......).,*****
###......@{$..q.....,,,<,,
#####.....$..q....,,,,,,
##..$.....####,,,,,^
####.....# *,,,,,, ##....#
******* #....# #...## #####


You could see 2 draconians.

Vanquished Creatures
  A dread lich (Crypt:3)
  4 ancient liches
  Mara (Vaults:4)
  A juggernaut (Depths:3)
  Sojobo (Vaults:3)
  Vashnia (Snake:2)
  4 caustic shrikes
  A caustic shrike (shapeshifter) (Vaults:5)
  10 golden dragons
  Nikola (Depths:2)
  Geryon (Hell)
  the Enchantress (Depths:2)
  2 Tzitzimimeh (Depths:1)
  2 doom hounds
  2 electric golems
  11 tentacled monstrosities
  3 liches
  A walking crystal tome (Depths:3)
  2 deep elf blademasters (Elf:3)
  A walking frostbound tome (Depths:2)
  17 acid blobs
  3 titans
  2 deep elf master archers (Elf:3)
  Asterion (Depths:2)
  11 quicksilver dragons
  10 sphinxes
  Kirke (D:15)
  2 ancient champions (Crypt:2)
  The ghost of frimble the Struggler, an adept DsGl of Okawaru (Depths:1)
  7 death cobs
  7 shadow dragons
  8 storm dragons
  A thorn hunter (Swamp:2)
  4 tengu reavers
  12 azure jellies
  11 rockslimes
  Donald (Vaults:4)
  2 draconian monks
  10 frost giants
  A revenant (Crypt:3)
  4 nagarajas (Snake:4)
  5 draconian knights
  A fenstrider witch (Swamp:3)
  11 fire giants
  6 deep elf sorcerers
  An orc warlord (Orc:2)
  4 balrugs
  Aizul (Snake:3)
  3 juggernaut zombies
  14 vault wardens
  3 draconian stormcallers
  2 draconian scorchers (Zot:2)
  3 iron dragons
  2 curse skulls
  2 caustic shrike skeletons
  5 deep elf elementalists (Elf:3)
  5 draconian shifters
  3 ghouls (Crypt:1)
  19 stone giants
  17 ironbound preservers
  12 quicksilver oozes
  2 eleionomae
  Nessos (Lair:5)
  4 reapers (Hell)
  5 war gargoyles
  7 green draconians
  3 spriggan defenders (Depths:2)
  32 very ugly things
  11 deep elf demonologists
  12 vampire knights
  8 ironbound thunderhulks
  2 lorocyprocas (Depths:1)
  9 deep elf annihilators
  8 black draconians
  A putrid mouth (Depths:1)
  4 white draconians
  10 dire elephants
  2 entropy weavers
  9 red draconians
  The ghost of Qoipory the Sluggish Demonspawn, a journeyman DsEE of Cheibriados (Lair:5)
  4 yellow draconians
  6 purple draconians
  Azrael (Elf:1)
  3 blizzard demons
  4 eidola
  4 spark wasps
  10 ettins
  A mummy priest (Crypt:3)
  A green death (Depths:3)
  5 deep elf death magi
  An iron golem (Hell)
  11 great orbs of eyes
  13 jiangshi
  10 fire dragons
  27 vault guards
  7 yaktaur captains
  4 rakshasas
  3 shambling mangroves
  3 deep elf high priests
  20 hydras
  3 spriggan zombies
  2 boulder beetles
  A caustic shrike simulacrum (IceCv)
  7 ironbound frosthearts
  13 spriggan air magi
  2 salamander tyrants (Snake:4)
  12 ice dragons
  2 catoblepae (Lair:5)
  2 peacekeepers (Vaults:4)
  7 ogre magi
  The ghost of Sanktem7 the Fighter, a novice MiFi of Okawaru (D:10)
  3 ghost crabs
  9 centaur warriors
  18 naga warriors
  5 anacondas
  A spriggan skeleton (Crypt:2)
  7 alligators
  35 dancing weapons
  5 two-headed ogres
  2 death knights
  16 death yaks
  10 vampire magi
  14 deep troll shamans
  9 shock serpents
  3 tengu warriors
  A quicksilver ooze zombie (Crypt:1)
  9 spriggan berserkers
  15 deep troll earth magi
  5 hell knights (Depths:3)
  2 soul eaters
  8 sun demons
  22 deep elf knights
  19 naga sharpshooters
  8 orc high priests
  Nergalle (Orc:1)
  A titan skeleton (Crypt:3)
  Sonja (D:10)
  7 salamander mystics
  A sea snake (shapeshifter) (D:14)
  2 shadow wraiths (Crypt:3)
  38 deep trolls
  A sixfirhy (Depths:3)
  14 iron trolls
  A deep troll (shapeshifter) (Depths:2)
  3 goliath frogs
  19 skeletal warriors
  A storm dragon skeleton (Depths:1)
  The ghost of OhItsWolfy the Fighter, a novice GrFi of Okawaru (D:7)
  An entropy weaver zombie (Crypt:2)
  5 naga ritualists
  An obsidian statue (IceCv)
  6 glowing orange brains
  3 spriggan druids
  A spriggan simulacrum (IceCv)
  19 ironbound convokers
  11 wizards
  4 anaconda zombies
  A bunyip zombie (Crypt:1)
  8 bog bodies
  9 flayed ghosts
  6 swamp dragons
  A lindwurm (shapeshifter) (Elf:2)
  14 lindwurms
  5 orc knights
  A tengu skeleton (Depths:1)
  41 deep elf pyromancers
  15 phantasmal warriors
  16 deep elf archers
  5 mana vipers
  A mana viper (shapeshifter) (Depths:2)
  Pikel (D:7)
  32 deep elf zephyrmancers
  6 orc sorcerers
  6 cyclopes
  A wolf spider (shapeshifter) (D:15)
  2 wolf spider zombies (D:13)
  16 necromancers
  A sphinx skeleton (Crypt:1)
  A human zombie (Crypt:1)
  6 oklob plants
  7 shining eyes
  A will-o-the-wisp (Swamp:1)
  2 stone giant zombies
  6 elephants (Lair:5)
  A manticore (shapeshifter) (Vaults:4)
  11 moths of wrath
  6 manticores
  A salamander (shapeshifter) (D:15)
  8 fire giant skeletons (Crypt:3)
  12 salamanders
  31 black mambas
  A frost giant skeleton (Depths:1)
  42 ugly things
  A dire elephant zombie (Crypt:3)
  11 smoke demons
  An iron dragon skeleton (Crypt:1)
  2 orange demons (Depths:3)
  6 rust devils
  2 stone giant skeletons
  13 vault sentinels
  3 eyes of devastation
  2 molten gargoyles (Hell)
  5 guardian serpents
  6 centaur zombies
  An unseen horror (D:11)
  25 naga magi
  4 gargoyles (Crypt:3)
  5 rime drakes
  2 dire elephant skeletons
  3 kobold demonologists
  A hellion (Hell)
  6 torpor snails (Lair:5)
  A centaur skeleton (Crypt:3)
  A redback zombie (D:13)
  14 cane toads
  Maggie (D:7)
  13 komodo dragons
  28 freezing wraiths
  2 tormentors (Depths:1)
  A mana viper zombie (Crypt:2)
  2 ice devils
  31 yaktaurs
  A tengu conjurer (Depths:4)
  2 anaconda simulacra (IceCv)
  2 sea snake zombies (Hell)
  An efreet (D:15)
  A minotaur skeleton (Crypt:1)
  A queen bee (shapeshifter) (D:15)
  A human skeleton (Vaults:2)
  A sea snake skeleton (Hell)
  6 trolls
  A hydra skeleton (Hell)
  A harpy skeleton (Crypt:3)
  9 tyrant leeches
  23 hornets
  3 hydra zombies (Hell)
  A death drake skeleton (Crypt:2)
  77 slime creatures
  A tarantella zombie (Crypt:1)
  An ettin zombie (Depths:1)
  An ice dragon zombie (Crypt:1)
  A frost giant simulacrum (Vaults:2)
  A guardian serpent zombie (Crypt:1)
  An alligator zombie (Hell)
  30 blink frogs
  A satyr zombie (Crypt:2)
  4 dream sheep
  5 air elementals
  A centaur simulacrum (D:15)
  7 vampires
  8 water elementals
  4 shadows
  12 wraiths
  39 yaks
  3 dire elephant simulacra (IceCv)
  11 flying skulls
  2 ettin skeletons
  8 fire dragon skeletons (Crypt:3)
  3 hogs (D:15)
  13 spriggans
  9 fire elementals
  10 wyverns
  Grum (D:10)
  2 steam dragons
  3 golden eyes (Slime:5)
  14 vampire mosquitoes
  A wind drake skeleton (Crypt:2)
  3 minotaur simulacra (IceCv)
  4 basilisks
  3 harpy simulacra
  2 redbacks
  8 wargs
  53 nagas
  18 swamp worms
  2 acid dragons
  14 water moccasins
  7 hell hounds
  A floating eye (Depths:3)
  A hydra simulacrum (IceCv)
  38 orc warriors
  A sky beast (D:6)
  A glowing shapeshifter skeleton (Vaults:2)
  10 swamp drakes
  2 ice beasts
  3 ettin simulacra
  A black bear (shapeshifter) (Elf:2)
  3 alligator simulacra (IceCv)
  16 ogres
  2 black bears
  15 wolves
  2 boggarts (Vaults:3)
  8 centaurs
  2 lemures (D:7)
  5 phantoms
  13 kobold brigands
  2 necrophages
  3 earth elementals
  A deep troll simulacrum (IceCv)
  10 bullfrogs
  A rime drake skeleton (Crypt:2)
  3 scorpions
  An elf skeleton (Crypt:1)
  16 wights
  10 killer bees
  3 lindwurm simulacra (IceCv)
  A human simulacrum (Vaults:1)
  5 electric eels
  3 howler monkeys
  A crimson imp (D:6)
  5 hounds (D:5)
  6 jellies
  Crazy Yiuf (D:6)
  27 orc priests
  A scorpion zombie (Crypt:2)
  A boggart zombie (D:13)
  3 iguanas
  20 orc wizards
  Natasha (twice) (D:2)
  3 hell rats (Hell)
  An acid dragon zombie (Crypt:2)
  An ogre skeleton (Crypt:2)
  A boggart simulacrum (D:15)
  5 gnolls (D:5)
  14 adders
  3 white imps
  An ufetubus (D:4)
  4 worms
  3 dart slugs
  99 orcs
  3 ball pythons
  4 bats
  12 endoplasms
  4 giant cockroaches
  8 goblins
  7 hobgoblins
  A jackal (D:4)
  34 kobolds
  5 quokkas
  3 frilled lizards
  A jackal skeleton (Crypt:1)
  6 rats
  5 briar patches (Swamp:2)
  11 bushes
2423 creatures vanquished.

Vanquished Creatures (collateral kills)
  the Royal Jelly (Slime:5)
  A curse toe (Zot:2)
  2 golden dragons (Zot:2)
  3 tentacled monstrosities (Zot:2)
  A lich (Zot:1)
  2 titans (Vaults:5)
  2 quicksilver dragons (Zot:2)
  A sphinx (Vaults:5)
  4 death cobs
  3 storm dragons
  A shadow dragon (Zot:2)
  A rockslime (Slime:5)
  A draconian knight (Zot:2)
  A ghost moth (Zot:2)
  3 vault wardens (Vaults:5)
  A draconian stormcaller (Zot:2)
  A green draconian (Zot:2)
  A stone giant (Vaults:5)
  A black draconian (Zot:3)
  A yellow draconian (Zot:2)
  4 purple draconians (Zot:2)
  A red draconian (Zot:2)
  3 white draconians (Zot:2)
  2 ettins (Vaults:5)
  A fire dragon (Depths:2)
  2 yaktaur captains (Vaults:5)
  2 vault guards (Vaults:5)
  A two-headed ogre (D:9)
  A deep troll earth mage (Vaults:5)
  A deep troll shaman (Depths:2)
  2 ironbound convokers (Vaults:5)
  A naga ritualist (Snake:4)
  A phantasmal warrior (Vaults:5)
  2 necromancers
  6 moths of wrath (Zot:2)
  A naga mage (Snake:4)
  3 vault sentinels (Vaults:5)
  3 yaktaurs (Vaults:5)
  A troll (Orc:2)
  A redback (Vaults:5)
  A naga (Snake:4)
  An orc warrior (Orc:2)
  An ogre (Orc:2)
  2 orc wizards (Orc:2)
  7 orcs
83 creatures vanquished.

Vanquished Creatures (others)
  A dread lich (Zot:1)
  An orb of fire (Zot:2)
  An ancient lich (Vaults:5)
  A tentacled monstrosity (Zot:2)
  3 liches
  A titan (Vaults:5)
  3 death cobs
  3 storm dragons
  3 sphinxes (Vaults:5)
  2 shadow dragons
  2 tengu reavers (Vaults:5)
  A deep elf sorcerer (Vaults:5)
  A frost giant (Vaults:5)
  A draconian scorcher (Zot:2)
  A vault warden (Vaults:5)
  A draconian shifter (Zot:2)
  A draconian stormcaller (Zot:2)
  2 stone giants (Vaults:5)
  A war gargoyle (Vaults:5)
  2 black draconians (Zot:2)
  A deep elf demonologist (Vaults:5)
  A deep elf annihilator (Vaults:5)
  A yellow draconian (Zot:2)
  A purple draconian (Zot:1)
  A blizzard demon (Hell)
  2 yaktaur captains (Vaults:5)
  A spriggan (Swamp:2)
  A necromancer (IceCv)
  A phantasmal warrior (Vaults:5)
  A deep elf pyromancer (Elf:2)
  A cyclops (shapeshifter) (Vaults:5)
  2 vault sentinels (Vaults:5)
  A freezing wraith (Vaults:5)
  A tyrant leech (Swamp:4)
  3 bloated husks
  3 hornets
  2 steam dragons (Swamp:4)
  2 swamp worms
  2 swamp drakes (Swamp:4)
  A boggart (Vaults:3)
  A tengu (shapeshifter) (Vaults:5)
  4 hell rats (Hell)
  2 foxfires (Swamp:1)
  44 fungi
  158 plants
  10 toadstools (D:6)
  12 withered plants
292 creatures vanquished.

Grand Total: 2798 creatures vanquished

Notes
Turn   | Place    | Note
-------+----------+-------------------------------------------
     0 | D:1      | retardedninja the Minotaur Fighter began the quest for the
                  | Orb.
     0 | D:1      | Reached XP level 1. HP: 19/19 MP: 0/0
   150 | D:1      | Reached XP level 2. HP: 26/27 MP: 1/1
   710 | D:2      | Found a faded altar of an unknown god.
   759 | D:2      | Noticed Natasha
   769 | D:2      | Killed Natasha
   770 | D:2      | Reached XP level 3. HP: 28/33 MP: 2/2
   996 | D:2      | Reached XP level 4. HP: 40/40 MP: 3/3
  1307 | D:2      | Noticed Natasha
  1313 | D:2      | Killed Natasha
  1576 | D:3      | Reached XP level 5. HP: 39/47 MP: 4/4
  2058 | D:3      | Found Neze's Magic Scroll Boutique.
  2422 | D:4      | Reached skill level 5 in Fighting
  2422 | D:4      | Reached skill level 5 in Armour
  2422 | D:4      | Reached skill level 5 in Shields
  2425 | D:4      | Reached XP level 6. HP: 49/56 MP: 5/5
  2614 | D:4      | Identified the +1 leather armour of Itilio {Harm rN++ Str-3
                  | SInv}
  3080 | D:5      | Entered Level 5 of the Dungeon
  3164 | D:5      | Reached skill level 5 in Axes
  3164 | D:5      | Reached XP level 7. HP: 13/62 MP: 6/6
  3630 | D:5      | Reached XP level 8. HP: 56/71 MP: 7/7
  3894 | D:6      | Found a burning altar of Makhleb.
  3912 | D:6      | Found a staircase to the Ecumenical Temple.
  3921 | Temple   | Entered the Ecumenical Temple
  3928 | Temple   | Became a worshipper of Gozag Ym Sagoz the Greedy
  4143 | D:6      | Found Velun's Hydra Hut.
  4146 | D:6      | Noticed a six-headed hydra
  4149 | D:6      | Bought a +0 broad axe of flaming for 110 gold pieces
  4184 | D:6      | Found a shimmering altar of Xom.
  4338 | D:6      | Noticed a slime creature
  4338 | D:6      | Noticed a slime creature
  4343 | D:6      | Reached XP level 9. HP: 70/81 MP: 8/8
  4410 | D:6      | Found a runed translucent door.
  4411 | D:6      | Noticed Crazy Yiuf
  4791 | D:6      | Killed Crazy Yiuf
  4860 | D:7      | Noticed Maggie
  4873 | D:7      | Killed Maggie
  5354 | D:7      | Noticed Pikel
  5366 | D:7      | Killed Pikel
  5635 | D:7      | Found a shadowy altar of Dithmenos.
  5638 | D:7      | Found a runed translucent door.
  5640 | D:7      | Noticed OhItsWolfy's ghost (novice GrFi)
  6206 | D:7      | Killed OhItsWolfy's ghost
  6207 | D:7      | Reached XP level 10. HP: 51/91 MP: 9/9
  6339 | D:8      | Found a hide-covered altar of Uskayaw.
  6577 | D:8      | Found a sparkling altar of Nemelex Xobeh.
  6578 | D:8      | Found a transporter.
  6578 | D:8      | Noticed a two-headed ogre
  6833 | D:9      | Found an ornate altar of the Wu Jian Council.
  6833 | D:9      | Found a sacrificial altar of Ru.
  6840 | D:9      | Found a basalt altar of Yredelemnul.
  6840 | D:9      | Found a white marble altar of Elyvilon.
  6858 | D:9      | Reached skill level 10 in Fighting
  6878 | D:9      | Found a broken altar of Ashenzari.
  6966 | D:9      | Reached skill level 10 in Armour
  6966 | D:9      | Reached skill level 10 in Shields
  7019 | D:9      | Found a staircase to the Lair.
  7119 | D:9      | Reached skill level 10 in Axes
  7489 | D:9      | Found a staircase to the Orcish Mines.
  7776 | D:9      | Reached XP level 11. HP: 74/101 MP: 10/10
  7850 | D:9      | Noticed a two-headed ogre
  7854 | D:9      | Killed a two-headed ogre
  8113 | D:10     | Entered Level 10 of the Dungeon
  8161 | D:10     | Identified a scroll of acquirement
  8161 | D:10     | Acquired a +1 pair of gloves of dexterity
  8211 | D:10     | Noticed Sonja
  8219 | D:10     | Killed Sonja
  8421 | D:10     | Noticed Grum
  8426 | D:10     | Killed Grum
  8524 | D:10     | Found a runed translucent door.
  8524 | D:10     | Noticed Sanktem7's ghost (novice MiFi)
  9278 | D:10     | Killed Sanktem7's ghost
  9376 | Lair:1   | Entered Level 1 of the Lair of Beasts
  9825 | D:11     | Noticed a centaur warrior
  9832 | D:11     | Killed a centaur warrior
  9889 | D:11     | Identified the +0 ring mail of the Apprentice {Str+2 Dex+2}
 10107 | D:11     | Noticed a cyan ugly thing
 10112 | D:11     | Killed a cyan ugly thing
 10172 | D:11     | You fall into a shaft and drop 2 floors!
 10274 | D:12     | Noticed a five-headed hydra
 10282 | D:12     | Killed a one-headed hydra
 10454 | D:11     | Noticed a two-headed ogre
 10460 | D:11     | Killed a two-headed ogre
 10461 | D:11     | Reached XP level 12. HP: 113/113 MP: 11/11
 10860 | D:12     | Noticed a two-headed ogre
 10867 | D:12     | Killed a two-headed ogre
 10964 | D:12     | Noticed a seven-headed hydra
 10972 | D:12     | Killed a two-headed hydra
 11926 | D:13     | Acquired 651 gold pieces
 12041 | D:13     | Noticed a boulder beetle
 12051 | D:13     | Killed a boulder beetle
 12116 | D:13     | Noticed a two-headed ogre
 12120 | D:13     | Killed a two-headed ogre
 12283 | D:13     | Identified the +5 trident "Killer Klown's Doom" {drain,
                  | Will- Int+3 Stlth+}
 12339 | D:13     | Noticed a four-headed hydra
 12345 | D:13     | Killed a one-headed hydra
 12346 | D:13     | Reached XP level 13. HP: 121/123 MP: 12/12
 12941 | D:3      | Bought a scroll of enchant weapon for 75 gold pieces
 12941 | D:3      | Bought a scroll of enchant armour for 75 gold pieces
 12941 | D:3      | Bought a scroll of enchant weapon for 75 gold pieces
 14422 | D:14     | Found a gate to the Vaults.
 14617 | D:15     | Entered Level 15 of the Dungeon
 15028 | D:15     | Noticed Kirke
 15038 | D:15     | Killed Kirke
 15047 | D:15     | Reached skill level 15 in Fighting
 15142 | D:15     | Noticed a purple very ugly thing
 15153 | D:15     | Killed a cyan very ugly thing
 15154 | D:15     | Reached skill level 15 in Armour
 15154 | D:15     | Reached skill level 15 in Shields
 15164 | D:15     | Reached XP level 14. HP: 111/135 MP: 13/13
 15234 | D:15     | Found a staircase to the Depths.
 15235 | D:15     | Noticed a brown very ugly thing
 15251 | D:15     | Killed a brown very ugly thing
 15255 | D:15     | Reached skill level 15 in Axes
 15984 | D:15     | Found a runed translucent door.
 15985 | D:15     | Noticed a sphinx
 16094 | D:15     | Noticed a green very ugly thing
 17857 | Lair:2   | Found a staircase to the Snake Pit.
 18722 | Lair:3   | Found a staircase to the Swamp.
 19829 | Lair:4   | Acquired the +0 hat of the Villain {rC+ Will+ Int+4 Dex+4}
 19916 | Lair:4   | Reached XP level 15. HP: 145/145 MP: 14/14
 20015 | Lair:4   | Found a white marble altar of Elyvilon.
 20097 | Lair:4   | Found a viscous altar of Jiyva.
 20097 | Lair:4   | Found a staircase to the Slime Pits.
 20482 | Lair:5   | Entered Level 5 of the Lair of Beasts
 20769 | Lair:5   | Found a runed translucent door.
 20769 | Lair:5   | Found a shimmering altar of Xom.
 20769 | Lair:5   | Noticed Qoipory's ghost (journeyman DsEE)
 21160 | Lair:5   | Noticed Nessos
 21191 | Lair:5   | Killed Nessos
 21518 | Lair:5   | Got Fur Pynt's Disquisition on the Unstable Pyromaniac
 21519 | Lair:5   | Identified the +1 leather armour "Uhaum" {rN+}
 21770 | Lair:5   | Found a runed translucent door.
 21863 | Lair:5   | Identified the +6 chain mail of Dishonour {Harm rF- rN++
                  | SInv}
 22223 | Lair:5   | Killed Qoipory's ghost
 22281 | Lair:5   | Bought a box of beasts for 520 gold pieces
 22283 | Lair:5   | Bought a blackened cabochon ring for 105 gold pieces
 22288 | Lair:5   | Bought a scroll of summoning for 142 gold pieces
 22288 | Lair:5   | Bought a scroll of enchant armour for 112 gold pieces
 22290 | Lair:5   | Bought the brooch of Shielding {Spirit SH+8} for 1040 gold
                  | pieces
 22290 | Lair:5   | Found the brooch of Shielding {Spirit SH+8}
 22436 | Orc:1    | Entered Level 1 of the Orcish Mines
 22637 | Orc:1    | Found Syle's Book Boutique.
 22826 | Orc:1    | Noticed Nergalle
 22833 | Orc:1    | Killed Nergalle
 23351 | Orc:2    | Entered Level 2 of the Orcish Mines
 23399 | Orc:2    | Noticed an orc warlord
 23429 | Orc:2    | Reached XP level 16. HP: 91/157 MP: 9/15
 23807 | Orc:2    | Found a staircase to the Elven Halls.
 23944 | Orc:2    | Found Faniv's Distillery.
 24335 | Orc:2    | Found Oxtasuri's Armour Shoppe.
 24722 | Orc:2    | Found Adodeggeapot's Armour Boutique.
 24740 | Orc:2    | Found Tipsic's Magic Scroll Boutique.
 24744 | Orc:2    | Bought a potion of haste for 180 gold pieces
 24744 | Orc:2    | Bought a potion of heal wounds for 90 gold pieces
 24744 | Orc:2    | Bought a potion of haste for 180 gold pieces
 24747 | Orc:2    | Bought a scroll of acquirement for 624 gold pieces
 24747 | Orc:2    | Acquired 861 gold pieces
 24867 | Orc:2    | Bought the +3 pair of gauntlets of War {Slay+5} for 1947
                  | gold pieces
 24867 | Orc:2    | Found the +3 pair of gauntlets of War {Slay+5}
 25041 | Swamp:1  | Entered Level 1 of the Swamp
 25316 | D:15     | Killed a sphinx
 25424 | D:15     | Noticed a sphinx
 25432 | D:15     | Killed a sphinx
 26528 | Swamp:2  | Noticed a thorn hunter
 26550 | Swamp:2  | Killed a thorn hunter
 28785 | Swamp:4  | Entered Level 4 of the Swamp
 28922 | Swamp:4  | Noticed a tentacled monstrosity
 29794 | Swamp:4  | Killed a tentacled monstrosity
 31780 | Swamp:4  | Reached XP level 17. HP: 65/166 MP: 6/16
 32178 | Swamp:4  | Got a decaying rune of Zot
 32345 | Swamp:4  | Paralysed by a hornet for 2 turns
 32774 | Snake:1  | Entered Level 1 of the Snake Pit
 33643 | Snake:1  | Found Ithreqoqo's General Store.
 35411 | Snake:2  | Noticed Vashnia
 35789 | Snake:2  | Killed Vashnia
 38649 | Snake:3  | Noticed Aizul
 38662 | Snake:3  | Killed Aizul
 38996 | Snake:4  | Entered Level 4 of the Snake Pit
 39567 | Snake:4  | Reached XP level 18. HP: 124/178 MP: 14/17
 43295 | Snake:4  | Got a serpentine rune of Zot
 43807 | Vaults:1 | Entered Level 1 of the Vaults
 44213 | Vaults:1 | Found Xaymoyja's Assorted Antiques.
 44221 | Vaults:1 | Bought 2 potions of curing for 162 gold pieces
 44221 | Vaults:1 | Bought 2 potions of curing for 162 gold pieces
 44429 | Vaults:1 | Found Daips's Assorted Antiques.
 44474 | Vaults:1 | Found a portal to a secret trove of treasure.
 45216 | Vaults:1 | Found Guinad's General Store.
 45224 | Vaults:1 | Bought a scroll of teleportation for 42 gold pieces
 45224 | Vaults:1 | Bought a potion of curing for 42 gold pieces
 45224 | Vaults:1 | Bought a potion of heal wounds for 70 gold pieces
 45484 | Vaults:2 | Reached XP level 19. HP: 189/189 MP: 18/18
 45845 | Vaults:2 | Found Ygruurr's Weapon Shop.
 46645 | Vaults:2 | Found a staircase to the Crypt.
 46645 | Vaults:2 | Found a basalt altar of Yredelemnul.
 46645 | Vaults:2 | Found an ancient bone altar of Kikubaaqudgha.
 47030 | Vaults:3 | Noticed Sojobo
 47046 | Vaults:3 | Killed Sojobo
 48384 | Vaults:4 | Noticed Donald
 48394 | Vaults:4 | Killed Donald
 48767 | Vaults:4 | Found Weibb's Weapon Boutique.
 48943 | Vaults:4 | Noticed Mara
 48947 | Vaults:4 | Noticed retardedninja's illusion
 48968 | Vaults:4 | Killed Mara
 49738 | Vaults:4 | Reached XP level 20. HP: 143/200 MP: 14/19
 50361 | Vaults:4 | Identified the +10 morningstar of the Dragonfly {vorpal,
                  | Str+2}
 50417 | Vaults:4 | Found Tuolluli's Antique Weapon Shop.
 50915 | Elf:1    | Entered Level 1 of the Elven Halls
 51296 | Elf:1    | Noticed Azrael
 51297 | Elf:1    | Paralysed by an air elemental for 1 turns
 51301 | Elf:1    | Paralysed by an air elemental for 1 turns
 51313 | Elf:1    | Killed Azrael
 51489 | Elf:1    | Paralysed by an air elemental for 1 turns
 53358 | Elf:2    | Paralysed by an air elemental for 1 turns
 53882 | Elf:2    | Reached skill level 1 in Evocations
 53931 | Elf:2    | Found Cusys's Jewellery Emporium.
 53931 | Elf:2    | Found Aqon Qim's Assorted Antiques.
 53941 | Elf:2    | Found Genomir's General Store.
 53942 | Elf:2    | Found Hemyst's Jewellery Shoppe.
 53949 | Elf:2    | Bought a scroll of acquirement for 832 gold pieces
 53949 | Elf:2    | Acquired 439 gold pieces
 53966 | Elf:2    | Bought a slimy plate armour for 1064 gold pieces
 53966 | Elf:2    | Identified the +0 plate armour of Sunlight {+Inv Will+
                  | Str+2} (You bought it in a shop on level 2 of the Elven
                  | Halls)
 53977 | Elf:2    | Bought the ring of Deics {Wiz Fly Will+ Str+3} for 714 gold
                  | pieces
 54020 | Elf:2    | Found Miehep's Jewellery Boutique.
 54159 | Elf:2    | Identified the +2 ring mail "Riyts" {rN++ Stlth+}
 54362 | Elf:2    | Found a runed translucent gate.
 54369 | Elf:2    | Found a runed translucent gate.
 54369 | Elf:2    | Found a runed translucent gate.
 55253 | Elf:3    | Entered Level 3 of the Elven Halls
 55371 | Elf:3    | Paralysed by an air elemental for 1 turns
 55445 | Elf:3    | Reached XP level 21. HP: 174/209 MP: 17/20
 55450 | Elf:3    | Found a frozen archway.
 55496 | IceCv    | Entered an ice cave
 55586 | IceCv    | Found the +4 skin of Zhor {*Englaciate rC+++ SInv}
 55631 | IceCv    | Found an ancient bone altar of Kikubaaqudgha.
 57007 | Elf:3    | Got the Dissertation on Conflict
 57235 | Elf:3    | Paralysed by an air elemental for 1 turns
 57239 | Elf:3    | Paralysed by an air elemental for 1 turns
 58429 | Elf:3    | Identified the ring of Moderation {rPois Str+3 Int+4 Dex+6
                  | Stlth-}
 58509 | Elf:3    | Identified the +7 trident "Jidwid" {elec, rN+}
 58542 | Elf:3    | Identified the ring "Xodghiwuo" {rElec Str+4 Int-5 Dex+6
                  | SInv}
 58554 | Elf:3    | Identified the quicksilver dragon scales of Impatience
                  | {Harm Will+ rCorr}
 58564 | Elf:3    | Identified the ring "Hero's Friend" {rCorr EV+4}
 58586 | Elf:3    | Identified the ring "Ixomonk" {rF+ rN+ Str+6 Dex-3 Stlth+}
 59396 | Vaults:5 | Entered Level 5 of the Vaults
 59740 | Vaults:4 | Reached skill level 5 in Evocations
 60620 | Vaults:5 | Noticed an ancient lich
 60861 | Vaults:5 | Reached XP level 22. HP: 173/220 MP: 16/21
 61016 | Vaults:5 | Killed an ancient lich
 61190 | Vaults:5 | Noticed an ancient lich
 61197 | Vaults:5 | Killed an ancient lich
 61517 | Vaults:5 | Noticed a juggernaut
 61517 | Vaults:5 | a titan changed into a juggernaut
 61518 | Vaults:5 | a juggernaut changed into an iron giant
 61519 | Vaults:5 | Noticed a caustic shrike
 61519 | Vaults:5 | an iron giant changed into a caustic shrike
 61525 | Vaults:5 | Killed a caustic shrike
 61675 | Vaults:5 | Got a silver rune of Zot
 62272 | Crypt:1  | Entered Level 1 of the Crypt
 63372 | Crypt:2  | Identified the +5 falchion of Expedience {vorpal, rPois
                  | Will+}
 63890 | Crypt:2  | Identified the +1 robe "Ubbeprec" {Drain rF+ Dex+3}
 63903 | Crypt:2  | Found a huge runed translucent gate.
 63903 | Crypt:2  | Found a huge runed translucent gate.
 63904 | Crypt:2  | Found a huge runed translucent gate.
 63904 | Crypt:2  | Found a huge runed translucent gate.
 63904 | Crypt:2  | Found a huge runed translucent gate.
 63905 | Crypt:2  | Found a huge runed translucent gate.
 63906 | Crypt:2  | Found a huge runed translucent gate.
 63907 | Crypt:2  | Found a huge runed translucent gate.
 63907 | Crypt:2  | Found a huge runed translucent gate.
 64251 | Crypt:3  | Entered Level 3 of the Crypt
 64767 | Crypt:3  | Identified the amulet of Vustipam {Reflect rElec rC+ Dex+4
                  | SH+5}
 65225 | Crypt:3  | Found a staircase to the Tomb.
 65436 | Crypt:3  | Noticed an ancient lich
 65442 | Crypt:3  | Killed an ancient lich
 65795 | Crypt:3  | Reached XP level 23. HP: 229/229 MP: 22/22
 65982 | Crypt:3  | Found an ancient bone altar of Kikubaaqudgha.
 65984 | Crypt:3  | Noticed a dread lich
 65994 | Crypt:3  | Killed a dread lich
 65999 | Crypt:3  | Noticed an ancient lich
 66004 | Crypt:3  | Killed an ancient lich
 66507 | Depths:1 | Entered Level 1 of the Depths
 66517 | Depths:1 | Found a runed translucent door.
 66517 | Depths:1 | Noticed frimble's ghost (adept DsGl)
 66776 | Depths:1 | You are sucked into a shaft and drop 1 floor!
 66834 | Depths:2 | Reached skill level 27 in Axes
 66944 | Depths:1 | Identified the +9 halberd of Ziqis {vorpal, Str+3 Int+4}
 67012 | Depths:1 | Noticed an ancient lich
 67040 | Depths:1 | Killed an ancient lich
 67319 | Depths:1 | Got the Catalogue of Numb Confrontation
 67927 | Depths:1 | Found Fafuejoj's Antique Weapon Boutique.
 68166 | Depths:1 | Found a gateway to Hell.
 68454 | Depths:1 | Killed frimble's ghost
 68481 | Depths:2 | Noticed the Enchantress
 68499 | Depths:2 | Killed the Enchantress
 68708 | Depths:2 | Noticed Nikola
 68716 | Depths:2 | Noticed Asterion
 68723 | Depths:2 | Killed Nikola
 68730 | Depths:2 | Killed Asterion
 69088 | Depths:2 | Found a one-way gate leading to the halls of Pandemonium.
 69101 | Depths:2 | Found a white marble altar of Elyvilon.
 69101 | Depths:2 | Found a burning altar of Makhleb.
 69102 | Depths:2 | Found a hazy altar of Hepliaklqana.
 69758 | Depths:2 | Reached XP level 24. HP: 237/242 MP: 22/22
 69808 | Depths:2 | Reached skill level 10 in Evocations
 69983 | Depths:2 | Identified the +10 shortbow "Qiecrig" {vorpal, Dex+4}
 70145 | Depths:2 | Identified the +0 scale mail "Joicla" {Fly rCorr Int+3
                  | Dex-3}
 70258 | Depths:2 | Got Sif Muna's Cyclopedia of the Caves
 70986 | Depths:3 | Found a shimmering altar of Xom.
 71378 | Depths:3 | Noticed a juggernaut
 71391 | Depths:3 | Killed a juggernaut
 71951 | Depths:3 | Identified the +2 chain mail of Jiavuu {Rampage Drain
                  | +Blink rElec}
 72433 | Depths:3 | Found a corrupted altar of Lugonu.
 72433 | Depths:3 | Found a one-way gate to the infinite horrors of the Abyss.
 72805 | Depths:4 | Entered Level 4 of the Depths
 72893 | Depths:4 | Found a one-way gateway to a ziggurat.
 74055 | Depths:4 | Found a gate to the Realm of Zot.
 74184 | Depths:4 | Found a stormy altar of Qazlal.
 74293 | Depths:4 | Reached XP level 25. HP: 184/255 MP: 17/22
 75191 | Slime:1  | Entered Level 1 of the Pits of Slime
 75225 | Slime:1  | Gained mutation: Your magical capacity is low. (-10% MP) [a
                  | shining eye]
 75227 | Slime:1  | Gained mutation: Your spells are a little easier to cast,
                  | but a little less powerful. [a shining eye]
 75227 | Slime:1  | Gained mutation: Your spells are easier to cast, but less
                  | powerful. [a shining eye]
 75231 | Slime:1  | Gained mutation: You sometimes lose your temper in combat.
                  | [a shining eye]
 75649 | Slime:1  | Lost mutation: Your magical capacity is low. (-10% MP)
                  | [potion of mutation]
 75649 | Slime:1  | Lost mutation: You sometimes lose your temper in combat.
                  | [potion of mutation]
 75649 | Slime:1  | Lost mutation: Your spells are easier to cast, but less
                  | powerful. [potion of mutation]
 75649 | Slime:1  | Lost mutation: Your spells are a little easier to cast, but
                  | a little less powerful. [potion of mutation]
 75649 | Slime:1  | Gained mutation: You have sharp toenails. [potion of
                  | mutation]
 75740 | Slime:2  | Reached skill level 27 in Fighting
 76163 | Slime:3  | Gained mutation: You sometimes lose your temper in combat.
                  | [a shining eye]
 76572 | Slime:4  | Gained mutation: You have hidden genetic defects. [a
                  | shining eye]
 76574 | Slime:4  | Gained mutation: You are dopey. (Int -2) [a shining eye]
 76753 | Slime:3  | Lost mutation: You are dopey. (Int -2) [potion of mutation]
 76753 | Slime:3  | Lost mutation: You have hidden genetic defects. [potion of
                  | mutation]
 76753 | Slime:3  | Lost mutation: You sometimes lose your temper in combat.
                  | [potion of mutation]
 76753 | Slime:3  | Gained mutation: You are agile. (Dex +4, Str/Int -1)
                  | [potion of mutation]
 76753 | Slime:3  | Gained mutation: You are partially covered in iridescent
                  | scales. (AC +2) [potion of mutation]
 76763 | Slime:4  | Gained mutation: Potions are less effective at restoring
                  | your health. [a shining eye]
 77171 | Slime:5  | Entered Level 5 of the Pits of Slime
 77266 | Slime:5  | Lost mutation: You are agile. (Dex +4, Str/Int -1) [potion
                  | of mutation]
 77266 | Slime:5  | Lost mutation: Potions are less effective at restoring your
                  | health. [potion of mutation]
 77266 | Slime:5  | Gained mutation: You are dopey. (Int -2) [potion of
                  | mutation]
 77266 | Slime:5  | Lost mutation: You have sharp toenails. [potion of
                  | mutation]
 77266 | Slime:5  | Gained mutation: Your flesh is cold resistant. (rC+)
                  | [potion of mutation]
 77871 | Slime:5  | Gained mutation: You are frail. (-10% HP) [a shining eye]
 77875 | Slime:5  | Gained mutation: You are clumsy. (Dex -2) [a shining eye]
 77883 | Slime:5  | Gained mutation: You occasionally lose the ability to read
                  | scrolls when taking damage. [a shining eye]
 77891 | Slime:5  | Gained mutation: You have hidden genetic defects. [a
                  | shining eye]
 77917 | Slime:4  | Lost mutation: You are dopey. (Int -2) [potion of mutation]
 77917 | Slime:4  | Lost mutation: You are clumsy. (Dex -2) [potion of
                  | mutation]
 77917 | Slime:4  | Gained mutation: Your spells are a little easier to cast,
                  | but a little less powerful. [potion of mutation]
 77917 | Slime:4  | Gained mutation: Your flesh is very cold resistant. (rC++)
                  | [potion of mutation]
 77917 | Slime:4  | Gained mutation: You are mostly covered in iridescent
                  | scales. (AC +4) [potion of mutation]
 77918 | Slime:4  | Lost mutation: Your spells are a little easier to cast, but
                  | a little less powerful. [potion of mutation]
 77918 | Slime:4  | Lost mutation: Your flesh is very cold resistant. (rC++)
                  | [potion of mutation]
 77918 | Slime:4  | Gained mutation: Your muscles are strong. (Str +4, Int/Dex
                  | -1) [potion of mutation]
 77918 | Slime:4  | Gained mutation: You are strong-willed. (Will+) [potion of
                  | mutation]
 77919 | Slime:4  | Lost mutation: You are mostly covered in iridescent scales.
                  | (AC +4) [potion of mutation]
 77919 | Slime:4  | Lost mutation: You are frail. (-10% HP) [potion of
                  | mutation]
 77919 | Slime:4  | Lost mutation: You are partially covered in iridescent
                  | scales. (AC +2) [potion of mutation]
 77919 | Slime:4  | Gained mutation: You sometimes lose your temper in combat.
                  | [potion of mutation]
 77920 | Slime:4  | Lost mutation: You occasionally lose the ability to read
                  | scrolls when taking damage. [potion of mutation]
 77920 | Slime:4  | Lost mutation: You are strong-willed. (Will+) [potion of
                  | mutation]
 77920 | Slime:4  | Lost mutation: Your muscles are strong. (Str +4, Int/Dex
                  | -1) [potion of mutation]
 77920 | Slime:4  | Gained mutation: Your body sometimes deteriorates upon
                  | taking damage. [potion of mutation]
 77920 | Slime:4  | Gained mutation: You have large cloven feet. [potion of
                  | mutation]
 77920 | Slime:4  | Gained mutation: You passively map a small area around you.
                  | [potion of mutation]
 77921 | Slime:4  | Lost mutation: Your flesh is cold resistant. (rC+) [potion
                  | of mutation]
 77921 | Slime:4  | Lost mutation: You have large cloven feet. [potion of
                  | mutation]
 77921 | Slime:4  | Gained mutation: You are weak. (Str -2) [potion of
                  | mutation]
 77921 | Slime:4  | Lost mutation: You passively map a small area around you.
                  | [potion of mutation]
 77921 | Slime:4  | Gained mutation: You are dopey. (Int -2) [potion of
                  | mutation]
 77922 | Slime:4  | Lost mutation: You sometimes lose your temper in combat.
                  | [potion of mutation]
 77922 | Slime:4  | Lost mutation: You are weak. (Str -2) [potion of mutation]
 77922 | Slime:4  | Lost mutation: Your body sometimes deteriorates upon taking
                  | damage. [potion of mutation]
 77922 | Slime:4  | Gained mutation: You occasionally lose the ability to drink
                  | potions when taking damage. [potion of mutation]
 77922 | Slime:4  | Lost mutation: You have hidden genetic defects. [potion of
                  | mutation]
 77923 | Slime:4  | Lost mutation: You occasionally lose the ability to drink
                  | potions when taking damage. [potion of mutation]
 77923 | Slime:4  | Lost mutation: You are dopey. (Int -2) [potion of mutation]
 77923 | Slime:4  | Gained mutation: You are frail. (-10% HP) [potion of
                  | mutation]
 77923 | Slime:4  | Gained mutation: You are agile. (Dex +4, Str/Int -1)
                  | [potion of mutation]
 78100 | Slime:5  | Noticed the Royal Jelly
 78134 | Slime:5  | Killed the Royal Jelly
 78718 | Slime:5  | Identified the ring of Cuupic {Ice Will- Str+5 Int+7}
 78747 | Slime:5  | Identified the ring "Zeud" {rPois SInv Stlth+}
 78751 | Slime:5  | Identified the ring of Broken Luck {Fire +Blink rN+ Int-2}
 78770 | Slime:5  | Got the Grimoire of Flames and the Rocks
 78780 | Slime:5  | Identified the +3 halberd of Arahisem {flame, rC++ Will+
                  | Str+2}
 78788 | Slime:5  | Got a slimy rune of Zot
 78827 | Slime:5  | Identified the +8 battleaxe of Hepliaklqana's Grace
                  | {vorpal, Dex+3}
 79657 | Hell     | Entered the Vestibule of Hell
 79657 | Hell     | Noticed Geryon
 79687 | Hell     | Killed Geryon
 80915 | Hell     | Reached skill level 27 in Shields
 81015 | Hell     | Found a gateway to the Iron City of Dis.
 81034 | Hell     | Reached skill level 27 in Armour
 81163 | Hell     | Found a gateway to the ashen valley of Gehenna.
 81362 | Hell     | Found a gateway to the freezing wastes of Cocytus.
 81489 | Hell     | Found a gateway to the decaying netherworld of Tartarus.
 81701 | Zot:1    | Entered Level 1 of the Realm of Zot
 82564 | Depths:4 | Bought a scroll of teleportation for 42 gold pieces
 82566 | Depths:4 | Bought a potion of heal wounds for 120 gold pieces
 82566 | Depths:4 | Bought a potion of berserk rage for 120 gold pieces
 82566 | Depths:4 | Bought a potion of curing for 72 gold pieces
 82566 | Depths:4 | Bought a potion of heal wounds for 120 gold pieces
 82566 | Depths:4 | Bought a potion of mutation for 192 gold pieces
 83296 | Zot:1    | Found the +4 dragonskin cloak
 83296 | Zot:1    | Noticed Tiamat
 83301 | Zot:1    | Noticed a dread lich
 83309 | Zot:1    | Killed a dread lich
 83458 | Zot:1    | Reached XP level 26. HP: 185/238 MP: 19/22
 83803 | Zot:2    | Reached skill level 15 in Evocations
 83949 | Zot:2    | Noticed an orb of fire
 83999 | Zot:2    | Found a transporter.
 83999 | Zot:2    | Noticed TheSexyCheese's ghost (veteran MiFi)
 84181 | Zot:2    | Killed an orb of fire
 84652 | Zot:2    | Found a transporter.
 85564 | Zot:2    | Got the Vellum of Displacement
 90159 | Zot:3    | Identified the +2 great mace of Onoerghui {vorpal, rElec
                  | rF++ Str+3 Int+2}
 93300 | Zot:4    | Killed from afar by a yellow draconian annihilator

Illustrated notes

Levels and vault maps discovered:
D:1:      psy_arrival_statuary, layout_basic
D:2:      layout_basic, hellmonk_ecumenical_altar_arch_garden, serial_forest,
          infiniplex_forest_straight_3, infiniplex_forest_clump_long,
          infiniplex_forest_end_1, infiniplex_forest_clump_medium,
          infiniplex_forest_lined_4_way, minmay_misc_feat_chi, uniq_natasha
D:3:      layout_loops_ring, serial_shops, shop
D:4:      minmay_diamond_boxcup, layout_basic
D:5:      layout_basic, minivault_27, minmay_manual_moon
D:6:      cheibrodos_fertilizer, layout_loops_ring,
          mainiacjoe_overflow_chevrons, makhleb_grotto_becter,
          minmay_temple_entry_drinking_statues, doesnt_shop_hydraphobe,
          uniq_crazy_yiuf_cottage
D:7:      layout_basic, nicolae_overflow_hidden_temple,
          ebering_ghost_inner_flame, nicolae_elevator_lobby_plus, uniq_maggie,
          uniq_pikel
D:8:      layout_rooms, kennysheep_mini, grunt_nemelex_the_gamble,
          lemuel_flamethrower_2
D:9:      layout_roguey, nicolae_overflow_crystal_walls,
          chequers_temple_overflow_statue_of_worship, erik_lair_orcish_takeover,
          david_orc_2, special_room [special_room_orc]
D:10:     layout_roguey, gammafunk_ghost_grave, uniq_grum, uniq_sonja
D:11:     minmay_spotlight, layout_basic
D:12:     minmay_angry_zag, layout_basic, serial_curves, eino_curves_02,
          eino_curves_02, eino_curves_03
D:13:     layout_roguey [special_room_orc], serial_undead, serial_undead_e,
          serial_undead_e, serial_undead_b, serial_undead_e,
          corexii_leaking_fountain
D:14:     layout_long_grid, hangedman_vaults_entry_quadrant_bands
D:15:     gammafunk_enter_depths_forms, layout_basic, minivault_13, uniq_kirke
Temple:   hellmonk_temple_two_chambers
Lair:1:   layout_long_grid, wad_woods_river_01, infiniplex_staircase_pool,
          serial_bayou_shore_b
Lair:2:   layout_gridlike, guppyfry_snake_entry_garden, lemuel_fruit_tree,
          grunt_megastairs_4
Lair:3:   wad_woods_structure_01, layout_loops_ring, palyth_hydra_swamp_entry,
          serial_bayou_lagoon_a, minmay_holes
Lair:4:   layout_long_grid, minmay_slime_entry_oklob_open, basic_altar
Lair:5:   wormcave, layout_regular_city, hangedman_lair_in_review,
          ebering_ghost_xom, minmay_lair_oklob_bushes, uniq_nessos
Swamp:1:  layout_falls_marsh, nicolae_swamp_trees_clearing, swamp_pool5
Swamp:2:  nicolae_swamp_ascending_descending_big, layout_basic_swamp,
          hangedman_swamp_ruin_wall
Swamp:3:  layout_basic_swamp, evilmike_swamp_ruin_house_2
Swamp:4:  swamp_fiery, layout_basic_swamp
Snake:1:  layout_layer_cave, serial_shops, shop, grunt_ministairs_13
Snake:2:  layout_layer_cave, uniq_vashnia
Snake:3:  layout_rooms, uniq_aizul
Snake:4:  snake_pit, layout_cave_town
Slime:1:  layout_caves
Slime:2:  layout_caves
Slime:3:  layout_caves
Slime:4:  layout_caves
Slime:5
Orc:1:    nicolae_orc_accident_2, layout_caves, serial_shops,
          nicolae_shop_hallway_stairs, basic_altar, lightli_orcish_oven,
          uniq_nergalle
Orc:2:    st_orc_elflike, layout_caves
Elf:1:    nicolae_elf_arrival_fired_up, layout_geoelf_grid,
          hangedman_elven_crosses_minicolossus, uniq_azrael
Elf:2:    nicolae_elf_blades_splatter_lattice
          [nicolae_blade_entry_area_security], layout_geoelf_octagon,
          serial_shops, nicolae_shop_hallway_plus, minmay_shoptagon
Elf:3:    elf_hall, layout_loops_corners, portal_ice_cave_entry_frozen_things,
          minmay_misc_feat_pillars, dk_noncrumbling_3, minmay_elf_annihilation
Vaults:1: hangedman_vaults_stream, grunt_vaults_hallway_short,
          ontoclasm_vaults_hangar, nicolae_vaults_quartermaster,
          ontoclasm_vaults_loading_screen, layout_vaults_omnigrid, serial_shops,
          shop, shop, nicolae_shop_behind_doors, nicolae_trove_entry_diagonal
Vaults:2: v_misc_17, hangedman_vaults_nails, ontoclasm_vaults_decontamination,
          hangedman_vaults_hat, hangedman_vaults_snaps,
          nicolae_vaults_specimen_jars, v_rooms_6,
          minmay_crypt_entry_necro_gods, grunt_vaults_diagonal,
          grunt_vaults_hallway_short, vaults_room_pools,
          hangedman_vaults_stretched_pinwheel, dpeg_vaults_monster_row,
          layout_vaults_omnicross, serial_shops, shop_fountains
Vaults:3: nicolae_vaults_little_ls, nicolae_vaults_circle_grid_b, v_rooms_1,
          ontoclasm_vaults_twist, vaults_mumra_chevron,
          vaults_dpeg_encased_lava, v_pattern_1, v_misc_8,
          vaults_room_semicircle, hangedman_vaults_cutoff,
          dpeg_vaults_monster_box, ontoclasm_vaults_chip,
          layout_vaults_chaotic_city, uniq_sojobo
Vaults:4: ontoclasm_vaults_misaligned, v_alt_pattern_2, vaults_room_grid,
          vaults_mumra_hexcomb, vaults_room_glass_cross, hangedman_vaults_locks,
          nicolae_vaults_sealed_display, vaults_mumra_minichess,
          nicolae_vaults_little_squares_1, nicolae_vaults_mini_display_case,
          vaults_room_pools, vaults_room_hallway, ontoclasm_vaults_ligature,
          nicolae_vaults_angled_halls, nicolae_vaults_bisected_slash,
          layout_vaults_ring, serial_shops, shop, nicolae_shop_behind_doors,
          uniq_donald, uniq_mara
Vaults:5
Crypt:1:  layout_chaotic_city
Crypt:2:  cheibrodos_crypt_3hun_7po, layout_chaotic_city, grunt_ministairs_6,
          minivault_23, grunt_megastairs_2
Crypt:3:  quadcrypt_mu
Depths:1: cheibrodos_quadrivalence, layout_long_grid, gammafunk_ghost_grave,
          grunt_hell_entry_dis_old, serial_shops, nicolae_shop_statue_plus,
          special_room [special_room_magic_class], hangedman_decor_growths,
          kennysheep_just_a_vault
Depths:2: hangedman_slaughterboxes, hell_entry, pan_entry, uniq_nikola,
          uniq_asterion, uniq_enchantress
Depths:3: minmay_octo_star, layout_cave_shapes, xom_teletrap_fun,
          hangedman_tar_grid_catacomb, infiniplex_enter_wizlab_spiral,
          abyss_entry_flame_altar, rand_demon_pan_entry_9,
          minmay_staircase_windowed_small
Depths:4: grunt_zot_entry_pinwheel, layout_basic, enter_ziggurat_e,
          grunt_qazlal_clouds, hangedman_coc_ice_floe, serial_bayou_shore_a
Hell
Zot:1:    layout_basic, drop_trap, lemuel_lich_library, uniq_tiamat
Zot:2:    kennysheep_bubbly, layout_cathedral_of_symmetry,
          gammafunk_ghost_berserking_beasts
Zot:3:    layout_misc_corridors, grunt_megastairs_3
Zot:4:    regret_index_qazlal_generations, layout_misc_corridors

Skill      XL: |  1  2  3  4  5  6  7  8  9 10 11 12 13 14 15 16 17 18 19 20 21 22 23 24 25 26 |
---------------+-------------------------------------------------------------------------------+-----
Armour         | 4 5 6 7 9 10 12 13 15 16 17 18 20 21 22 23 24 25 27 | 27.0
Shields        | 4 5 6 7 9 10 12 13 15 16 17 18 20 21 22 23 24 25 26 27 | 27.0
Fighting       | 4 5 6 7 9 10 12 13 15 16 17 18 20 21 22 23 24 25 26 27 | 27.0
Axes           | 3 4 5 6 7 9 10 12 13 14 16 17 18 19 20 22 24 25 26 27 | 27.0
Evocations     | 2 5 7 9 11 14 18 | 18.7

Action                   |  1- 3 |  4- 6 |  7- 9 | 10-12 | 13-15 | 16-18 | 19-21 | 22-24 | 25-27 || total
-------------------------+-------+-------+-------+-------+-------+-------+-------+-------+-------++-------
Melee: War axe           |    57 |   281 |   128 |       |       |       |       |       |       ||   466
       Headbutt          |     7 |    74 |    42 |   133 |   315 |   378 |   320 |   468 |   301 ||  2038
       Broad axe         |       |       |   121 |   502 |  1208 |  1314 |  1195 |  1371 |   834 ||  6545
Throw: Throwing net      |       |       |     1 |       |       |       |       |     1 |       ||     2
Invok: Call Merchant     |       |       |       |       |     4 |     3 |       |       |     3 ||    10
       Potion Petition   |       |       |       |       |       |     3 |     2 |       |     3 ||     8
       Bribe Branch      |       |       |       |       |       |       |     1 |       |     1 ||     2
Evoke: Phantom mirror    |       |       |       |     2 |     1 |     2 |     3 |     3 |     2 ||    13
       Wand              |       |       |       |     4 |     1 |     5 |     2 |    11 |     6 ||    29
       Phial of floods   |       |       |       |       |     1 |     1 |     1 |     2 |       ||     5
       Box of beasts     |       |       |       |       |       |     4 |     3 |     2 |     1 ||    10
       Lightning rod     |       |       |       |       |       |     4 |     5 |     1 |       ||    10
       Horn of Geryon    |       |       |       |       |       |       |       |       |     1 ||     1
       Condenser vane    |       |       |       |       |       |       |       |       |     1 ||     1
  Use: Potion            |       |     1 |     3 |     7 |     7 |    23 |    13 |     1 |    27 ||    82
       Scroll            |       |       |    21 |    14 |    15 |    21 |    12 |     6 |    15 ||   104
 Stab: Invisible         |       |       |       |     4 |    12 |       |     2 |       |       ||    18
       Distracted        |       |       |       |     3 |    12 |    11 |    17 |    21 |    16 ||    80
       Petrified         |       |       |       |       |     2 |       |       |       |       ||     2
       Confused          |       |       |       |       |       |     1 |       |       |       ||     1
Armor: Scale mail        |    29 |    67 |    39 |       |       |       |       |       |       ||   135
       Plate armour      |       |       |   111 |   347 |   486 |   557 |   343 |   346 |   294 ||  2484
Dodge: Dodged            |    24 |    59 |    83 |   135 |   127 |   160 |   139 |   110 |   145 ||   982
Block: Buckler           |    13 |    18 |    71 |    98 |       |       |       |       |       ||   200
       Tower shield      |       |       |       |   240 |   940 |  1784 |  1225 |  1268 |  1020 ||  6477
